 Dungeon Crawl Stone Soup version 0.19-a0-262-g5df7875 (webtiles) character file.

56 oplop the Sneak (level 3, 0/16 HPs)
             Began as a Vine Stalker Enchanter on May 26, 2016.
             Succumbed to an adder's poison
             ... on level 2 of the Dungeon.
             The game lasted 00:02:03 (1122 turns).

oplop the Sneak (Vine Stalker Enchanter)            Turns: 1122, Time: 00:02:04

Health: 0/16       AC:  4    Str: 10    XL:     3   Next: 97%
Magic:  1/7        EV: 12    Int: 15    God:
Gold:   107        SH:  0    Dex: 13    Spells: 2 memorised, 4 levels left

rFire  . . .     SeeInvis +     a - +1 dagger
rCold  . . .     Gourm    .     b - +1 robe
rNeg   . . .     Faith    .     (no shield)
rPois  .         Spirit   +     (no helmet)
rElec  .         Dismiss  .     (no cloak)
rCorr  .         Reflect  .     k - +0 pair of gloves
SustAt .         Harm     .     (no boots)
MR     .....                    (no amulet)
Stlth  +++.......               i - -2 ring of dexterity (curse)
                                f - ring of see invisible

@: lethally poisoned (0 -> -3), exhausted, very slightly contaminated, slowed,
very slow, not resistant to hostile enchantments, fairly stealthy
A: fangs 2, regeneration 1, magic shield, antimagic bite, no device heal 3, rot
immunity
a: no special abilities


You were on level 2 of the Dungeon.
You were hungry.

You visited 1 branch of the dungeon, and saw 2 of its levels.

You collected 107 gold pieces.

Inventory:

Hand Weapons
 a - a +1 dagger (weapon)
Armour
 b - a +1 robe (worn)
 k - a +0 pair of gloves (worn)
Jewellery
 f - a ring of see invisible (left hand)
 i - a cursed -2 ring of dexterity (right hand)
Scrolls
 g - a scroll of enchant weapon {unknown}
 h - 2 scrolls of identify {unknown}
 l - 3 scrolls of remove curse {unknown}
 m - a scroll of immolation {unknown}
 o - a scroll of blinking {unknown}
Potions
 j - a potion of invisibility {unknown}
 n - a potion of resistance {unknown}
 q - a potion of mutation {unknown}
 s - a potion of curing {unknown}
Books
 c - a book of Maledictions

   Spells                             Type                      Level
   a - Corona                         Hexes                        1
   b - Ensorcelled Hibernation        Hexes/Ice                    2
   c - Confuse                        Hexes                        3
   d - Tukima's Dance                 Hexes                        3
   e - Dazzling Spray                 Conjuration/Hexes            3
Comestibles
 d - a bread ration
 p - a meat ration
 r - 3 chunks of flesh


   Skills:
 + Level 1.4 Short Blades
 + Level 1.9 Dodging
 + Level 4.3 Stealth
 + Level 2.5 Spellcasting
 + Level 3.5 Hexes


You had 4 spell levels left.
You knew the following spells:

 Your Spells              Type           Power        Failure   Level  Hunger
a - Corona                Hex            ##.....      6%          1    #......
b - Ensorcelled Hibernat  Hex/Ice        #.....       17%         2    ###....


Dungeon Overview and Level Annotations

Branches:
Dungeon (2/15)

Altars:


Innate Abilities, Weirdness & Mutations

You have extremely sharp teeth.
Your natural rate of healing is unusually fast.
When hurt, damage is shared between your health and your magic reserves.
Your bite disrupts and absorbs the magic of your enemies.
Potions and wands cannot restore your health.
You are immune to rotting.


Message History

You feel sick.
Drink which item? (? for menu, Esc to quit)
It was a potion of berserk rage.
A red film seems to cover your vision as you go berserk!
You feel yourself moving faster!
You feel mighty!
You feel a strong urge to attack something.
* * * LOW HITPOINT WARNING * * *
You feel sick.
* * * LOW HITPOINT WARNING * * *
You feel sick.
You feel your anger subside.
You are no longer berserk.
You are exhausted.
You feel yourself slow down.
You are feeling hungry.
* * * LOW HITPOINT WARNING * * *
You feel sick.
* * * LOW HITPOINT WARNING * * *
You feel sick.
You die...

#...........#
#.....(.....#####
...(.......>..†.#
#........)......#
................#
......##........#########
...... #................#
..... #.........######.#
####+ #....@....# #.# .#
#.........# #.# .#
#.........# #.# ##.##
#.........# #.# ....
....#.....%...# #.# ..#
#.#.#.#######.######.#
..# #.#.#. #.#......# ..#
#.#.# #.#.###### ..#
#.#.#.#######.#.#


There were no monsters in sight!

Vanquished Creatures
  2 adders (D:2)
  2 dart slugs (D:1)
  A giant gecko (D:1)
  6 bats
  3 giant cockroaches (D:1)
  3 goblins
  3 hobgoblins
  2 jackals (D:1)
  A ball python (D:1)
  4 giant newts (D:1)
  4 kobolds
  4 rats
35 creatures vanquished.

Notes
Turn   | Place    | Note
--------------------------------------------------------------
     0 | D:1      | oplop the Vine Stalker Enchanter began the quest for the Orb.
     0 | D:1      | Reached XP level 1. HP: 9/9 MP: 4/4
    15 | D:1      | Reached skill level 1 in Short Blades
    33 | D:1      | Reached XP level 2. HP: 4/13 MP: 3/6
   119 | D:1      | Reached skill level 4 in Stealth
   365 | D:1      | Reached XP level 3. HP: 16/16 MP: 7/7
   925 | D:2      | Learned a level 2 spell: Ensorcelled Hibernation
  1122 | D:2      | Succumbed to an adder's poison

Vault maps used:
D:1:      dpeg_arrival_tiny_a, serial_co_window_serial,
          co_window_of_opportunity_a, co_window_paths_b, co_window_paths_b,
          co_window_paths_a, co_window_paths_b, co_window_paths_c,
          co_window_of_opportunity_b, co_window_of_opportunity_c,
          co_window_cross_4, co_window_sun, co_window_4corner_a,
          glass_columns_a, glass_columns_b

Skill      XL: |  1  2 |
---------------+-------+-----
Short Blades   | 1 |  1.4
Stealth        | 4 |  4.3
Dodging        | |  1.9
Spellcasting   | |  2.5
Hexes          | |  3.5

Action                   || total
-------------------------++-------
Melee: Dagger            ||   110
       Bite              ||    20
 Cast: Corona            ||     2
       Ensorcelled Hiber ||     2
  Use: Potion            ||     1
 Stab: Sleeping          ||     7
       Distracted        ||     1
  Eat: Chunk             ||     1
Armor: Robe              ||    30
Dodge: Dodged            ||    75
